 Dungeon Crawl Stone Soup version 0.29.0-4-gdea44cf6ec (webtiles) character file.

Game seed: 16909256198961622329

68 qw the Chopper (level 4, -7/36 HPs)
             Began as a Barachi Chaos Knight on Sept 6, 2022.
             Mangled by an iron imp (9 damage)
             ... summoned by Xom
             ... on level 3 of the Dungeon.
             The game lasted 00:00:57 (2681 turns).

qw the Chopper (Barachi Chaos Knight)               Turns: 2681, Time: 00:00:57

Health: -7/36      AC: 15    Str: 20    XL:     4   Next: 19%
Magic:  4/4        EV:  7    Int: 11    God:
Gold:   75         SH:  0    Dex: 10    Spells: 3/3 levels left

rFire   + . .      SeeInvis +   Y - +0 hand axe (protect)
rCold   + . .      Faith    .   (no shield)
rNeg    . . .      Spirit   .   e - +0 chain mail
rPois   .          Reflect  .   (no helmet)
rElec   .          Harm     .   a - scarf {rC+ rF+}
rCorr   .          Rampage  .   (no gloves)
Will    .....                   (no boots)
Stlth   ..........              (no amulet)
HPRegen 0.12/turn               (no ring)
MPRegen 0.09/turn               (no ring)

@: lethally poisoned (-7 -> -27), under a protective aura, slow
A: amphibious, slowness 1, strong legs 1, +LOS, see invisible, strong 1
a: Hop


You were on level 3 of the Dungeon.
You visited 1 branch of the dungeon, and saw 3 of its levels.

You collected 75 gold pieces.


Innate Abilities, Weirdness & Mutations

You are amphibious.
You cover ground slowly.
You can hop short distances.
You have an extended range of vision and can be seen from far away.
You have supernaturally acute eyesight. (SInv)
Your muscles are strong. (Str +4, Int/Dex -1)


   Skills:
 - Level 3.6 Fighting
 + Level 5.4 Axes
 - Level 2.4 Armour
 - Level 1.1 Dodging


You had 3 spell levels left.
You didn't know any spells.
Your spell library was empty.

Inventory:

Hand Weapons
 d - a +0 mace
 Y - a +0 hand axe of protection (weapon)
Armour
 a - a scarf of resistance (worn)
 e - a +0 chain mail (worn)
Scrolls
 i - a scroll of enchant armour
Potions
 g - 2 potions of curing
 k - a potion of mutation {unknown}
 l - a potion of degeneration {unknown}
 n - a potion of haste {unknown}
 o - a potion of heal wounds {unknown}
Miscellaneous
 c - a piece from Xom's chessboard (15/15)

Dungeon Overview and Level Annotations

Branches:
Dungeon (3/15)

Altars:


Message History

The orc is almost dead.
The orc completely misses you.
You barely miss the orc.
The orc is almost dead.
The orc barely misses you.
You closely miss the orc.
The orc is almost dead.
The orc hits you but does no damage.
You closely miss the orc.
The orc is almost dead.
The orc barely misses you.
You hit the orc.
You kill the orc!
You start resting.
A rat comes into view.
2677 ||| Stepping ~*~*~tactically~*~*~ (stealth). "Time to have some fun!"
You hit the orange demon.
Your weapon exudes an aura of protection.
The orange demon is lightly wounded.
You hit the iron imp but do no damage. You hit the orange demon.
The orange demon is lightly wounded.
You hit the iron imp but do no damage. The orange demon stings you!
The orange demon hits you but does no damage.
You hit the orange demon but do no damage.
The orange demon is lightly wounded.
You hit the hellwing but do no damage. You hit the iron imp but do no damage.
The iron imp hits you! The orange demon stings you!
You are lethally poisoned!
The orange demon poisons you!
The orange demon hits you but does no damage.
The hellwing hits you but does no damage. x2
You hit the orange demon.
The orange demon is lightly wounded.
You hit the hellwing but do no damage. You hit the iron imp but do no damage.
You feel extremely sick. The iron imp hits you!
You die...

...........#
..........#
#.........#
#.........#
#.r.......#
#....>....#
#..)......#
#..4......#
#4@5......#
#.........#
#........##
#.......##
#..###.##
#..# #.#
#..###.#
#......#
#.###..#


You could see an orange demon (summoned), a hellwing (summoned), an iron imp
(summoned) and a rat.

Vanquished Creatures
  2 adders (D:2)
  2 orcs
  5 endoplasms
  A giant cockroach (D:1)
  4 goblins (D:1)
  9 hobgoblins
  A quokka (D:2)
  3 ball pythons (D:1)
  3 bats
  4 frilled lizards
  6 kobolds
  4 rats
44 creatures vanquished.

Notes
Turn   | Place    | Note
-------+----------+-------------------------------------------
     0 | D:1      | qw the Barachi Chaos Knight began the quest for the Orb.
     0 | D:1      | Reached XP level 1. HP: 18/18 MP: 1/1
     0 | D:1      | 0 ||| qw: Version: 0.1-a-108-g9e35731
     0 | D:1      | 0 ||| qw: Game counter: 6344
     0 | D:1      | 0 ||| qw: Always use a shield: true
     0 | D:1      | 0 ||| qw: God list: Okawaru
     0 | D:1      | 0 ||| qw: Allow faded altars: false
     0 | D:1      | 0 ||| qw: Do Orc after D:15 true
     0 | D:1      | 0 ||| qw: Do second Lair branch before Depths: true
     0 | D:1      | 0 ||| qw: Lair rune preference: random
     0 | D:1      | 0 ||| qw: Plans: Normal
     0 | D:1      | 0 ||| PLANNING D:1-11
     0 | D:1      | Fell from the grace of Xom
    22 | D:1      | 22 ||| Stepping ~*~*~tactically~*~*~ (stealth).
   121 | D:1      | XOM: noise
   200 | D:1      | 200 ||| Stepping ~*~*~tactically~*~*~ (stealth).
   202 | D:1      | 202 ||| Stepping ~*~*~tactically~*~*~ (stealth).
   210 | D:1      | Reached XP level 2. HP: 24/24 MP: 2/2
   212 | D:1      | Reached skill level 4 in Axes
   219 | D:1      | 219 ||| Stepping ~*~*~tactically~*~*~ (stealth).
   221 | D:1      | 221 ||| Stepping ~*~*~tactically~*~*~ (hiding).
   328 | D:1      | 328 ||| Stepping ~*~*~tactically~*~*~ (stealth).
   657 | D:1      | 657 ||| Stepping ~*~*~tactically~*~*~ (stealth).
   663 | D:1      | Found a faded altar of an unknown god.
   772 | D:1      | Reached XP level 3. HP: 29/29 MP: 3/3
   773 | D:1      | XOM: give mutations
   773 | D:1      | Gained mutation: Your body sometimes deteriorates upon
                  | taking damage. [Xom's mischief]
   773 | D:1      | Lost mutation: Your body sometimes deteriorates upon taking
                  | damage. [Xom's mischief]
   773 | D:1      | Gained mutation: Your muscles are strong. (Str +4, Int/Dex
                  | -1) [Xom's mischief]
   824 | D:1      | 824 ||| Stepping ~*~*~tactically~*~*~ (stealth).
  1005 | D:1      | 1005 ||| UPGRADING to +0 ring mail.
  1015 | D:1      | 1015 ||| DROPPING +2 leather armour.
  1016 | D:1      | 1016 ||| READING scroll labelled KIKHATUMMA.
  1157 | D:1      | 1157 ||| READING scroll labelled SUYGECSU TIWN.
  1750 | D:2      | XOM: torment (16/29 hp)
  1752 | D:2      | Reached skill level 5 in Axes
  1965 | D:2      | XOM: give mutations
  1965 | D:2      | Gained mutation: You occasionally shout uncontrollably at
                  | your foes. [Xom's mischief]
  1965 | D:2      | Gained mutation: You have supernaturally acute eyesight.
                  | (SInv) [Xom's mischief]
  2078 | D:2      | Reached XP level 4. HP: 20/36 MP: 4/4
  2235 | D:2      | 2235 ||| SWAPPING to +0 hand axe of flaming.
  2236 | D:2      | 2236 ||| DROPPING +0 flail.
  2237 | D:2      | 2237 ||| DROPPING +0 hand axe of chaos.
  2331 | D:2      | XOM: give mutation
  2331 | D:2      | Lost mutation: You occasionally shout uncontrollably at
                  | your foes. [Xom's mischief]
  2480 | D:2      | 2480 ||| UPGRADING to scarf of resistance.
  2485 | D:2      | 2485 ||| UPGRADING to +0 chain mail.
  2495 | D:2      | 2495 ||| DROPPING +0 ring mail.
  2496 | D:2      | 2496 ||| READING scroll labelled HIMMYL FAETEODI.
  2554 | D:2      | 2554 ||| DROPPING +0 club.
  2555 | D:2      | 2555 ||| READING scroll labelled HYFOFA WAUSIEPH.
  2556 | D:2      | 2556 ||| READING 2 scrolls labelled PAEPOORPHAFRO.
  2557 | D:2      | 2557 ||| READING scroll labelled DILOEJ MEGG.
  2562 | D:2      | 2562 ||| READING 2 scrolls labelled REHOUD FOGE.
  2563 | D:2      | 2563 ||| DRINKING 3 dark potions.
  2564 | D:2      | 2564 ||| DROPPING scroll of magic mapping.
  2621 | D:3      | 2621 ||| STAIRDANCE
  2677 | D:3      | 2677 ||| Stepping ~*~*~tactically~*~*~ (stealth).
  2677 | D:3      | XOM: summons 3 hostile demons
  2678 | D:3      | Noticed an orange demon
  2678 | D:3      | Noticed a hellwing
  2680 | D:3      | HP: 9/36 [orange demon[Xom] (10)]
  2681 | D:3      | HP: 2/36 [poisoned by an orange demon]
  2681 | D:3      | Mangled by an iron imp

Levels and vault maps discovered:
D:1:      ncdulo_watergridlock, layout_loops_ring,
          shapermc_ecumenical_altar_totnotflames
D:2:      layout_loops_corners
D:3:      layout_rooms, lemuel_old_faithful

Skill      XL: |  1  2  3 |
---------------+----------+-----
Axes           | 4 5 |  5.4
Fighting       | |  3.6
Armour         | |  2.4
Dodging        | |  1.1

Action                   |  1- 3 |  4- 6 || total
-------------------------+-------+-------++-------
Melee: Hand axe          |   111 |    17 ||   128
       Punch             |     2 |       ||     2
Invok: Renounce Religion |     1 |       ||     1
  Use: Scroll            |     2 |     5 ||     7
       Potion            |       |     1 ||     1
Armor: Leather armour    |    23 |       ||    23
       Ring mail         |    13 |     2 ||    15
       Chain mail        |       |     7 ||     7
Dodge: Dodged            |    53 |     5 ||    58

Table legend:
 A = Non-vault XP
 B = Vault XP
 C = Vault XP percentage of total XP
 D = Non-vault monster count
 E = Vault monster count
 F = Vault count percentage of total count
                 A         B        C        D         E       F
            +---------+---------+-------+---------+---------+-------
      Total |      98 |       0 |   0.0 |      45 |       0 |   0.0
            +---------+---------+-------+---------+---------+-------
        D:1 |      40 |       0 |   0.0 |      26 |       0 |   0.0
        D:2 |      53 |       0 |   0.0 |      17 |       0 |   0.0
        D:3 |       5 |       0 |   0.0 |       2 |       0 |   0.0
            +---------+---------+-------+---------+---------+-------
